 Dungeon Crawl Stone Soup version 0.30-a0-614-ge5ea1257c2 (webtiles) character file.

Game seed: 12008986927310298104

195 Ijustatesigmund the Firebug (level 5, 0/41 HPs)
             Began as a Barachi Fire Elementalist on Jan 9, 2023.
             Slain by a goblin
             ... wielding a +0 dagger
              (3 damage)
             ... on level 3 of the Dungeon.
             The game lasted 00:03:29 (1404 turns).

Ijustatesigmund the Firebug (BaFE)                  Turns: 1404, Time: 00:03:29

Health: 0/41       AC:  3    Str:  9    XL:     5   Next: 74%
Magic:  0/8        EV: 12    Int: 17    God:
Gold:   85         SH:  0    Dex: 13    Spells: 5/8 levels left

rFire   . . .      SeeInvis .    i - +2 dagger (holy)
rCold   . . .      Faith    .    (no shield)
rNeg    . . .      Spirit   .    a - +0 robe
rPois   .          Reflect  .    (no helmet)
rElec   .          Harm     .    (no cloak)
rCorr   .          Rampage  .    j - +0 pair of gloves
Will    .....                    (no boots)
Stlth   ++                       (no amulet)
HPRegen 0.26/turn                (no ring)
MPRegen 0.11/turn                (no ring)

@: weak-willed, slow
A: amphibious, slowness 1, strong legs 1, +LOS
a: Hop


You were on level 3 of the Dungeon.
You visited 1 branch of the dungeon, and saw 3 of its levels.

You collected 85 gold pieces.

Inventory:

Hand Weapons
 i - a +2 dagger of holy wrath (weapon)
Armour
 a - a +0 robe (worn)
 j - a +0 pair of gloves (worn)
Scrolls
 g - a scroll of enchant weapon
Potions
 b - a potion of magic
 d - a potion of mutation {unknown}
 e - a potion of curing
 f - a potion of ambrosia {unknown}
 l - a potion of brilliance {unknown}


   Skills:
 + Level 3.5 Fighting
 - Level 2.1 Dodging
 - Level 1.7 Stealth
 - Level 2.1 Spellcasting
 + Level 3.4 Conjurations
 + Level 4.7 Fire Magic


You had 5 spell levels left.
You knew the following spells:

 Your Spells              Type           Power      Damage    Failure   Level
a - Foxfire               Conj/Fire      60%        2x1d7     3%          1
b - Scorch                Fire           36%        2d7       4%          2

Your spell library contained the following spells:

 Spells                   Type           Power      Damage    Failure   Level
 Necrotise                Necr           4%         1d4       19%         1
 Inner Flame              Hex/Fire       9%         N/A       22%         3
 Kindle Blastsparks       Fire/Tloc/Air  14%        2d11      30%         3
 Flame Wave               Conj/Fire      15%        2d7       34%         4
 Vampiric Draining        Necr           1%         2d6       50%         3
 Agony                    Necr           1%         N/A       99%         5


Dungeon Overview and Level Annotations

Branches:
Dungeon (3/15)

Altars:


Innate Abilities, Weirdness & Mutations

You are amphibious.
You cover ground slowly.
You can hop short distances.
You have an extended range of vision and can be seen from far away.


Message History

The goblin hits you with a +0 dagger.
* * * LOW HITPOINT WARNING * * *
The gnoll hits you from afar with a +0 spear.
* * * LOW HITPOINT WARNING * * *
You climb downwards.
Found 11 gold pieces.
There is a stone staircase leading up here.
Casting: Foxfire (safe; 3% risk of failure)
Confirm with . or Enter, or press ? or * to list all spells.
Flames lash the ball python.
You kill the ball python!
The orc shouts!
The kobold hits you with a +0 club.
* * * LOW HITPOINT WARNING * * *
The goblin hits you but does no damage. The goblin hits you but does no damage.
The kobold closely misses you.
Casting: Scorch (safe; 4% risk of failure)
Confirm with . or Enter, or press ? or * to list all spells.
Flames lash the kobold.
You kill the kobold!
The goblin completely misses you.
A rat comes into view.
The goblin hits you with a +0 dagger.
* * * LOW HITPOINT WARNING * * *
Casting: Scorch (safe; 4% risk of failure)
Confirm with . or Enter, or press ? or * to list all spells.
Flames lash the orc.
The orc is lightly wounded.
The orc's fire resistance burns away.
The goblin hits you with a +0 dagger.
* * * LOW HITPOINT WARNING * * *
The orc barely misses you. The goblin closely misses you.
The orc hits you with a +0 dagger.
* * * LOW HITPOINT WARNING * * *
Casting: Scorch (safe; 4% risk of failure)
Confirm with . or Enter, or press ? or * to list all spells.
Flames lash the rat.
You kill the rat!
The orc is no longer more vulnerable to fire.
The goblin hits you with a +0 dagger.
You die...

#.# #.# #.#
... #.#####
......## .#
# #......
.....#.#o).#
.....$..@..#
.........g##
..........+
..........#
..........#
.##########


You could see an orc and a goblin (weak-willed).

Vanquished Creatures
  Sigmund (D:2)
  2 dart slugs (D:1)
  2 bats
  4 endoplasms
  4 giant cockroaches
  2 goblins (D:1)
  3 hobgoblins
  2 jackals (D:2)
  5 kobolds
  3 quokkas (D:2)
  4 ball pythons
  4 frilled lizards (D:1)
  3 rats
39 creatures vanquished.

Vanquished Creatures (others)
  111 foxfires
111 creatures vanquished.

Grand Total: 150 creatures vanquished

Notes
Turn   | Place    | Note
-------+----------+-------------------------------------------
     0 | D:1      | Ijustatesigmund the Barachi Fire Elementalist began the
                  | quest for the Orb.
     0 | D:1      | Reached XP level 1. HP: 13/13 MP: 3/3
   209 | D:1      | Reached skill level 1 in Fighting
   209 | D:1      | Reached XP level 2. HP: 8/21 MP: 0/5
   266 | D:1      | Learned a level 2 spell: Scorch
   707 | D:1      | Reached XP level 3. HP: 26/26 MP: 4/6
  1139 | D:2      | Noticed Sigmund
  1147 | D:2      | Killed Sigmund
  1148 | D:2      | Reached skill level 4 in Fire Magic
  1148 | D:2      | Reached XP level 4. HP: 35/35 MP: 2/7
  1148 | D:2      | Reached XP level 5. HP: 41/41 MP: 2/8
  1404 | D:3      | Slain by a goblin

Illustrated notes

Levels and vault maps discovered:
D:1:      matt_arrival_grand_opening, layout_basic
D:2:      layout_rooms, uniq_sigmund
D:3:      layout_basic, nicolae_yredelemnul_corpse_copse

Skill      XL: |  1  2  3 |
---------------+----------+-----
Fighting       | 1 3 |  3.5
Conjurations   | 2 3 |  3.4
Fire Magic     | 4 |  4.7
Dodging        | |  2.1
Stealth        | |  1.7
Spellcasting   | |  2.1

Action                   |  1- 3 |  4- 6 || total
-------------------------+-------+-------++-------
Melee: Dagger            |     3 |    14 ||    17
 Cast: Foxfire           |    51 |    14 ||    65
       Scorch            |     1 |     4 ||     5
  Use: Scroll            |       |     4 ||     4
       Potion            |       |     2 ||     2
 Stab: Sleeping          |     1 |       ||     1
Armor: Robe              |     1 |    16 ||    17
Dodge: Dodged            |     7 |    50 ||    57

Table legend: (Time is in decaauts)
 A = Elapsed time spent in this place.
 B = Non-inter-level travel time spent in this place.
 C = Inter-level travel time spent in this place.
 D = Time resting spent in this place.
 E = Time spent auto-exploring this place.
 F = Levels seen in this place.
 G = Mean time per level.
                   A        B        C        D        E       F      G
               +--------+--------+--------+--------+--------+-----+--------+
         Total |   1526 |   1493 |     33 |    114 |   1067 |   3 |  508.7 |
       Dungeon |   1526 |   1493 |     33 |    114 |   1067 |   3 |  508.7 |
               +--------+--------+--------+--------+--------+-----+--------+

Top non-repeatable levels by time:
     D:1: 1102 daAuts
     D:2: 417 daAuts
     D:3: 6 daAuts
